 Dungeon Crawl Stone Soup version 0.25-a0-561-g0977b4d109 (webtiles) character file.

Game seed: 2925672263637311342, levelgen mode: deterministic

9358 Flugslaktarn the Cleaver (level 11, -7/100 HPs)
             Began as a Deep Dwarf Fighter on Feb 25, 2020.
             Was a Priest of Makhleb.
             Mangled by a two-headed ogre
             ... wielding a +0 dire flail of protection
              (11 damage)
             ... on level 10 of the Dungeon.
             The game lasted 00:05:05 (4984 turns).

Flugslaktarn the Cleaver (Deep Dwarf Fighter)       Turns: 4984, Time: 00:05:05

Health: -7/100     AC: 17    Str: 23    XL:     11   Next: 22%
Magic:  0/0 (2)    EV:  7    Int:  9    God:    Makhleb [***...]
Gold:   125        SH:  0    Dex: 17    Spells: 10/10 levels left

rFire    . . .     SeeInvis .   q - +2 battleaxe (antimagic)
rCold    . . .     Gourm    .   (shield currently unavailable)
rNeg     . . .     Faith    .   w - +0 plate armour
rPois    +         Spirit   .   (no helmet)
rElec    .         Reflect  .   v - +2 cloak
rCorr    .         Harm     .   (no gloves)
MR       +....                  (no boots)
Stlth    ..........             s - amulet of rage
HPRegen  0.00/turn              n - +5 ring of dexterity
MPRegen  0.07/turn              o - ring of poison resistance

@: non-regenerating
A: damage resistance, heal wounds, sense surroundings 2, no regeneration
a: Heal Wounds, Minor Destruction, Lesser Servant of Makhleb, Renounce Religion,
Evoke Berserk Rage


You were on level 10 of the Dungeon.
You worshipped Makhleb.
Makhleb was most pleased with you.
You were not hungry.

You visited 2 branches of the dungeon, and saw 11 of its levels.

You collected 438 gold pieces.
You spent 313 gold pieces at shops.

Inventory:

Hand Weapons
 a - a +1 war axe
 q - a +2 antimagic battleaxe (weapon)
   (You bought it in a shop on level 8 of the Dungeon)
Armour
 c - a +0 kite shield
 v - a +2 cloak (worn)
   (You found it on level 6 of the Dungeon)
 w - a +0 plate armour (worn)
   (You took it off an orc warrior on level 6 of the Dungeon)
Jewellery
 n - a +5 ring of dexterity (left hand)
   (You found it on level 4 of the Dungeon)
 o - a ring of poison resistance (right hand)
   (You found it on level 7 of the Dungeon)
 s - an amulet of rage (around neck)
   (You found it on level 5 of the Dungeon)
Wands
 b - a wand of paralysis (10)
   (You found it on level 6 of the Dungeon)
 r - a wand of enslavement (13)
   (You found it on level 9 of the Dungeon)
Scrolls
 f - a scroll of magic mapping
 g - 2 scrolls of immolation
 j - a scroll of enchant armour
 m - 2 scrolls of fog
 t - 3 scrolls of teleportation
 z - 3 scrolls of blinking
Potions
 d - a potion of might
 h - 2 potions of haste
 i - 4 potions of curing {unknown}
 k - 3 potions of mutation {unknown}
 p - a potion of flight {unknown}
 B - 2 potions of heal wounds {unknown}
 C - a potion of stabbing {unknown}
Comestibles
 e - 14 rations
 l - 7 chunks of flesh


   Skills:
 + Level 7.6 Fighting
 * Level 12.0 Axes
 + Level 9.2 Armour
 - Level 7.7 Shields
 + Level 6.8 Invocations


You had 10 spell levels left.
You didn't know any spells.
Your spell library was empty.

Dungeon Overview and Level Annotations

Branches:
Dungeon (10/15)            Temple (1/1) D:6            Lair (0/6) D:8
    Orc: D:9-12

Altars:
Ashenzari
Cheibriados
Dithmenos
Elyvilon
Fedhas
Gozag
Hepliaklqana
Makhleb
Nemelex Xobeh
Okawaru
Qazlal
Ru
Sif Muna
Uskayaw
Wu Jian
Xom
Yredelemnul
Zin
The Shining One

Shops:
D:8 ?*


Innate Abilities, Weirdness & Mutations

You are resistant to damage.
You can heal yourself by infusing magical energy.
You passively map the area around you.
You do not regenerate.


Message History

You closely miss the two-headed ogre.
The two-headed ogre is severely wounded.
The two-headed ogre hits you with a +0 dire flail of protection.
* * * LOW HITPOINT WARNING * * *
The two-headed ogre barely misses you.
You hit the two-headed ogre.
The two-headed ogre is almost dead.
The two-headed ogre hits you but does no damage.
The two-headed ogre hits you with a +0 giant club!
* * * LOW HITPOINT WARNING * * *
Your plate armour prevents you from hitting the two-headed ogre.
The two-headed ogre is almost dead.
The two-headed ogre hits you with a +0 dire flail of protection.
The two-headed ogre hits you but does no damage.
You slash the two-headed ogre!
The two-headed ogre is almost dead.
The two-headed ogre hits you with a +0 dire flail of protection!
* * * LOW HITPOINT WARNING * * *
The two-headed ogre hits you with a +0 giant club!
You die...

, *, , * , #..##
* * , .... , *
,,, , .... * , *
#..# , *, * #..#
, ,, #..# * ,, ,
,* ,* *,
#O.####.. ,, , ,
* *#@....... ,
........!......
, , *
....(..........,
#######........,
, , , ,
#........ ,,, *
, #......%. , *
#........ * *
#........ * *,,
, ** ,, ,, , , ≈
≈≈ ≈


You could see a two-headed ogre.

Vanquished Creatures
  2 two-headed ogres
  3 death yaks (D:8)
  Pikel (D:6)
  4 centaur skeletons (D:9)
  A hornet (D:7)
  Sigmund (D:5)
  3 wyverns
  Eustachio (D:5)
  A hungry ghost (D:7)
  Menkaure (D:5)
  Edmund (D:4)
  A water moccasin (D:7)
  A black bear (D:6)
  A phantom (D:9)
  4 orc warriors
  2 ice beasts
  4 sky beasts
  A necrophage (D:9)
  4 slaves (D:6)
  6 ogres
  4 bullfrogs
  3 scorpions
  4 killer bees (D:9)
  4 wights (D:6)
  2 howler monkeys
  5 crimson imps
  2 bullfrog zombies
  4 hounds
  5 orc priests
  2 jellies
  13 orc wizards
  6 iguanas
  7 worker ants
  A hound zombie (D:7)
  A hound skeleton (D:3)
  A gnoll (D:1)
  A worker ant zombie (D:8)
  A howler monkey skeleton (D:8)
  7 adders
  A river rat (D:8)
  3 shadow imps
  2 adder skeletons
  An adder zombie (D:5)
  A dart slug (D:3)
  4 leopard geckos
  32 orcs
  2 ball pythons (D:5)
  3 giant cockroaches
  2 goblins
  A hobgoblin (D:2)
  12 jackals
  4 quokkas
  3 bats
  3 frilled lizards
  A leopard gecko skeleton (D:4)
  A quokka skeleton (D:6)
  A quokka zombie (D:5)
193 creatures vanquished.

Notes
Turn   | Place    | Note
-------+----------+-------------------------------------------
     0 | D:1      | Flugslaktarn the Deep Dwarf Fighter began the quest for the
                  | Orb.
     0 | D:1      | Reached XP level 1. HP: 20/20 MP: 1/1
    12 | D:1      | Reached XP level 2. HP: 27/27 MP: 2/2
   307 | D:3      | Reached skill level 3 in Axes
   307 | D:3      | Reached XP level 3. HP: 32/34 MP: 3/3
   349 | D:4      | Reached XP level 4. HP: 40/42 MP: 4/4
   384 | D:4      | Noticed Edmund
   400 | D:4      | Reached skill level 4 in Axes
   409 | D:4      | Reached XP level 5. HP: 37/49 MP: 5/5
   423 | D:4      | Noticed an ogre
   427 | D:4      | Killed Edmund
   427 | D:4      | Reached XP level 6. HP: 51/56 MP: 6/6
   433 | D:4      | Reached skill level 5 in Axes
   446 | D:4      | Found a glowing golden altar of the Shining One.
   446 | D:4      | Found a shattered altar of Ashenzari.
   815 | D:4      | Found an opulent altar of Gozag.
   816 | D:4      | Found a sparkling altar of Nemelex Xobeh.
   942 | D:5      | Entered Level 5 of the Dungeon
   976 | D:5      | Reached XP level 7. HP: 43/64 MP: 6/6
   977 | D:5      | Reached skill level 5 in Armour
   977 | D:5      | Reached skill level 5 in Shields
  1152 | D:5      | Noticed Sigmund
  1168 | D:5      | Killed Sigmund
  1168 | D:5      | Reached skill level 6 in Axes
  1194 | D:5      | Noticed Eustachio
  1203 | D:5      | Killed Eustachio
  1255 | D:5      | Noticed Menkaure
  1265 | D:5      | Killed Menkaure
  1265 | D:5      | Reached XP level 8. HP: 41/73 MP: 4/4
  1571 | D:6      | Reached skill level 7 in Axes
  1723 | D:6      | Found a shimmering altar of Xom.
  1723 | D:6      | Found a snail-covered altar of Cheibriados.
  1795 | D:6      | Reached skill level 5 in Fighting
  2056 | D:6      | Noticed Pikel
  2092 | D:6      | Killed Pikel
  2092 | D:6      | Reached skill level 8 in Axes
  2092 | D:6      | Gained mutation: You passively map the area around you.
                  | [Deep Dwarf growth]
  2092 | D:6      | Reached XP level 9. HP: 39/81 MP: 4/4
  2095 | D:6      | Found a staircase to the Ecumenical Temple.
  2106 | Temple   | Entered the Ecumenical Temple
  2625 | D:7      | Found a shadowy altar of Dithmenos.
  2628 | D:7      | Found a basalt altar of Yredelemnul.
  2628 | D:7      | Found a stormy altar of Qazlal.
  2628 | D:7      | Found a burning altar of Makhleb.
  2641 | D:7      | Reached skill level 9 in Axes
  2659 | D:7      | Became a worshipper of Makhleb the Destroyer
  2778 | D:7      | Reached skill level 1 in Invocations
  2994 | D:7      | Paralysed by a hornet for 2 turns
  3288 | D:8      | Found Ekkicil's Assorted Antiques.
  3299 | D:8      | Reached * piety under Makhleb
  3415 | D:8      | Found Jegej's Magic Scroll Emporium.
  3427 | D:8      | Reached skill level 10 in Axes
  3445 | D:8      | Reached XP level 10. HP: 37/92 MP: 3/3
  3517 | D:8      | Noticed a death yak
  3519 | D:8      | Found a staircase to the Lair.
  3519 | D:8      | Noticed a death yak
  3519 | D:8      | Noticed a death yak
  3552 | D:8      | Noticed a two-headed ogre
  3586 | D:8      | Killed a two-headed ogre
  3648 | D:8      | Reached ** piety under Makhleb
  3745 | D:8      | You fall into a shaft and drop 1 floor!
  3807 | D:9      | Reached skill level 5 in Invocations
  3862 | D:8      | Killed a death yak
  3862 | D:8      | Reached skill level 11 in Axes
  3877 | D:8      | Killed a death yak
  3889 | D:8      | Killed a death yak
  3889 | D:8      | Reached XP level 11. HP: 38/100 MP: 2/2
  4152 | D:8      | Bought a runed battleaxe for 313 gold pieces
  4281 | D:9      | Noticed a two-headed ogre
  4289 | D:9      | HP: 4/100 [two-headed ogre/+0 giant club (6)]
  4299 | D:9      | Killed a two-headed ogre
  4495 | D:9      | Reached skill level 12 in Axes
  4791 | D:9      | Reached *** piety under Makhleb
  4847 | D:10     | Entered Level 10 of the Dungeon
  4977 | D:10     | Noticed a two-headed ogre
  4984 | D:10     | HP: 4/100 [two-headed ogre/+0 dire flail of protection
                  | (11)]
  4984 | D:10     | Mangled by a two-headed ogre

Levels and vault maps discovered:
D:1:      minmay_arrival_checkered_box, layout_basic, serial_bayou_crossing
D:2:      layout_basic, old_standard_altar
D:3:      layout_rooms, lemuel_crystal_altar, vehumet_crystals, first_ration,
          minmay_joined_circles, uniq_natasha, uniq_robin, uniq_jessica
D:4:      layout_cave_pools, grunt_temple_overflow_opulence,
          gammafunk_temple_overflow_wave, serial_column_ruins, column_ruins_hut,
          column_ruins_grid_1, column_ruins_corridor_straight,
          column_ruins_open_tiny, column_ruins_corridor_corner,
          column_ruins_open_tiny, column_ruins_grid_3, column_ruins_open_large,
          kennysheep_pointless_box, uniq_edmund
D:5:      layout_basic, uniq_menkaure, uniq_eustachio, uniq_sigmund
D:6:      layout_cave_pods, gammafunk_temple_overflow_statue,
          minmay_temple_entry_nine_rooms, uniq_pikel
D:7:      layout_loops_ring, grunt_temple_overflow_open
D:8:      layout_rooms, dpeg_lair_monsters, serial_shops, shop,
          nicolae_shop_window_shopping, grunt_pizzeria, minmay_splitting_lines
D:9:      layout_rooms, evilmike_butchery
D:10:     layout_small_grid, enter_bailey_2, ebering_dispersal_statue_hall,
          minmay_orc_keep, uniq_josephine, uniq_fannar
Temple:   kb_temple_of_zot

Skill      XL: |  1  2  3  4  5  6  7  8  9 10 11 |
---------------+----------------------------------+-----
Fighting       | 3 4 5 6 7 |  7.6
Axes           | 3 4 5 6 8 10 11 12 | 12.0
Armour         | 4 5 6 7 9 |  9.2
Shields        | 4 5 6 7 |  7.7
Invocations    | 3 6 |  6.8

Action                   |  1- 3 |  4- 6 |  7- 9 | 10-12 || total
-------------------------+-------+-------+-------+-------++-------
Melee: War axe           |    49 |    86 |   407 |   154 ||   696
       Battleaxe         |       |       |       |    74 ||    74
 Abil: Heal Wounds       |     1 |     3 |    19 |    16 ||    39
Evoke: Wand              |       |       |       |     1 ||     1
  Use: Scroll            |       |       |    11 |     3 ||    14
  Eat: Chunk             |       |       |    10 |     5 ||    15
       Ration            |       |       |     2 |       ||     2
Armor: Scale mail        |    29 |    35 |    11 |       ||    75
       Plate armour      |       |       |   235 |   133 ||   368
Dodge: Dodged            |    12 |    19 |    68 |    67 ||   166
Block: Kite shield       |    24 |    56 |   287 |   111 ||   478

Table legend:
 A = Non-vault XP
 B = Vault XP
 C = Vault XP percentage of total XP
 D = Non-vault monster count
 E = Vault monster count
 F = Vault count percentage of total count
                 A         B        C        D         E       F
            +---------+---------+-------+---------+---------+-------
      Total |    9215 |    4154 |  31.1 |     179 |      10 |   5.3
            +---------+---------+-------+---------+---------+-------
        D:1 |      23 |       0 |   0.0 |       6 |       0 |   0.0
        D:2 |      13 |       0 |   0.0 |       6 |       0 |   0.0
        D:3 |      27 |       0 |   0.0 |       4 |       0 |   0.0
        D:4 |     512 |     149 |  22.5 |      20 |       1 |   4.8
        D:5 |     168 |     592 |  77.9 |      11 |       3 |  21.4
        D:6 |     733 |     651 |  47.0 |      21 |       1 |   4.5
        D:7 |    1831 |       0 |   0.0 |      34 |       0 |   0.0
        D:8 |    2674 |    2762 |  50.8 |      43 |       5 |  10.4
        D:9 |    3190 |       0 |   0.0 |      33 |       0 |   0.0
       D:10 |      44 |       0 |   0.0 |       1 |       0 |   0.0
            +---------+---------+-------+---------+---------+-------
